 Dungeon Crawl Stone Soup version 0.27.1-2-g3b301248ec (webtiles) character file.

Game seed: 18332871702854681634

84 chuckie79 the Skirmisher (level 4, -1/40 HPs)
             Began as a Hill Orc Fighter on Sept 24, 2021.
             Slain by a worm (5 damage)
             ... on level 3 of the Dungeon.
             The game lasted 00:03:42 (1742 turns).

chuckie79 the Skirmisher (Hill Orc Fighter)         Turns: 1742, Time: 00:03:44

Health: -1/40      AC:  7    Str: 19    XL:     4   Next: 46%
Magic:  4/4        EV:  7    Int:  8    God:
Gold:   157        SH:  9    Dex: 10    Spells: 3/3 levels left

rFire    . . .     SeeInvis .   a - +0 war axe
rCold    . . .     Faith    .   c - +0 kite shield
rNeg     . . .     Spirit   .   b - +0 scale mail
rPois    .         Reflect  .   (no helmet)
rElec    .         Harm     .   (no cloak)
rCorr    .         Rampage  .   (no gloves)
Will     .....                  (no boots)
Stlth    ..........             (no amulet)
HPRegen  0.13/turn              (no ring)
MPRegen  0.09/turn              (no ring)

@: no status effects
A: no striking features
a: no special abilities


You were on level 3 of the Dungeon.
You visited 1 branch of the dungeon, and saw 3 of its levels.

You collected 157 gold pieces.

Inventory:

Hand Weapons
 a - a +0 war axe (weapon)
Missiles
 g - 80 stones (quivered)
 i - 36 bolts
 l - 13 poisoned darts
 n - 22 arrows
Armour
 b - a +0 scale mail (worn)
 c - a +0 kite shield (worn)
Scrolls
 h - a scroll of teleportation {unknown}
 j - 2 scrolls of identify {unknown}
Potions
 d - a potion of might
 e - a potion of lignification {unknown}
 f - a potion of curing {unknown}
 k - a potion of haste {unknown}
 m - a potion of cancellation {unknown}
 o - a potion of flight {unknown}


   Skills:
 + Level 4.3 Fighting
 + Level 4.3 Axes
 + Level 3.7 Armour
 + Level 0.3 Dodging
 + Level 0.3 Stealth
 + Level 3.7 Shields


You had 3 spell levels left.
You didn't know any spells.
Your spell library contained the following spells:

 Spells                   Type           Power      Damage    Failure   Level
 Magic Dart               Conj           0%         1d3       99%         1
 Sting                    Tmut/Pois      0%         1d3       99%         1
 Call Imp                 Summ           0%         N/A       100%        2
 Poisonous Vapours        Pois/Air       0%         N/A       100%        2
 Mephitic Cloud           Conj/Pois/Air  0%         N/A       100%        3
 Olgreb's Toxic Radiance  Pois           0%         N/A       100%        4


Dungeon Overview and Level Annotations

Branches:
Dungeon (3/15)

Altars:

Annotations:
D:3 Grinder


Message History

Grinder shouts!
There is a stone staircase leading down here.
Grinder is nearby!
A worm comes into view.
An orc comes into view. It is wielding a staff of earth.
The orc shouts!
You block Grinder's attack. Grinder gestures at you.
Pain shoots through your body! The orc barely misses you.
You block Grinder's attack.
You closely miss Grinder. You hit the orc. The orc barely misses you.
Grinder barely misses you. You block the orc's attack.
You block Grinder's attack.
You closely miss Grinder.
Your shield prevents you from hitting the orc.
You block the orc's attack.
Grinder says, "There's only one good use for a tongue: cutting it out."
Grinder blinks!
You barely miss the orc.
The orc is severely wounded.
The orc completely misses you. You block the orc's attack.
You hit the orc.
You kill the orc!
You hit the worm. Grinder gestures at you. Pain shoots through your body!
You block the worm's attack.
Grinder blinks!
Things that are here:
a staff of earth; 13 gold pieces; an orc corpse Grinder hits you!
You writhe in agony.
You hit the worm but do no damage. You hit Grinder but do no damage.
Grinder hits you! The worm bites you. You block Grinder's attack.
You slash the worm!
The worm is heavily wounded.
You hit Grinder. Grinder hits you.
* * * LOW HITPOINT WARNING * * *
You writhe in agony.
* * * LOW HITPOINT WARNING * * *
The worm bites you.
You die...

#.....#
##'##.#
#..#.#
##.#.#
#######
#.#[#
#.....#
#.[.#
#.....####
##..#
#.....'...
#..# #.....#
#..# #.@...#
#..###|w5..#
##>....#####
#######


You could see Grinder and a worm.

Vanquished Creatures
  3 adders
  3 dart slugs
  An orc (D:3)
  4 ball pythons (D:2)
  9 endoplasms
  6 giant cockroaches
  A goblin (D:2)
  6 hobgoblins
  A quokka (D:1)
  3 bats (D:1)
  2 frilled lizards
  4 kobolds
  5 rats
48 creatures vanquished.

Vanquished Creatures (others)
  A plant (D:2)
1 creature vanquished.

Grand Total: 49 creatures vanquished

Notes
Turn   | Place    | Note
-------+----------+-------------------------------------------
     0 | D:1      | chuckie79 the Hill Orc Fighter began the quest for the Orb.
     0 | D:1      | Reached XP level 1. HP: 19/19 MP: 1/1
    74 | D:1      | Reached XP level 2. HP: 25/27 MP: 2/2
   349 | D:1      | Reached XP level 3. HP: 33/33 MP: 3/3
  1174 | D:2      | Reached XP level 4. HP: 40/40 MP: 4/4
  1231 | D:2      | Found a faded altar of an unknown god.
  1729 | D:3      | Noticed Grinder
  1742 | D:3      | Slain by a worm

Illustrated notes

Levels and vault maps discovered:
D:1:      grunt_arrival_lava_bath, layout_basic
D:2:      layout_loops_cross, shapermc_ecumenical_altar_acropolis,
          chequers_serial_rivers_micro_b, grunt_ministairs_13
D:3:      layout_basic, mainiacjoe_overflow_six_doors_small, uniq_grinder

Skill      XL: |  1  2  3  4 |
---------------+-------------+-----
Axes           | 3 4 |  4.3
Fighting       | 4 |  4.3
Armour         | |  3.7
Dodging        | |  0.3
Stealth        | |  0.3
Shields        | |  3.7

Action                   |  1- 3 |  4- 6 || total
-------------------------+-------+-------++-------
Melee: War axe           |   104 |    29 ||   133
Armor: Scale mail        |    50 |     5 ||    55
Dodge: Dodged            |    33 |    10 ||    43
Block: Kite shield       |    52 |    20 ||    72
